Map: Last Fantasy LE

Players

KaosSPREE

  • Race: Terran Terran
  • Spawn Location: 7:00

SubN - Winner!

  • Race: Zerg Zerg
  • League: Diamond
  • Spawn Location: 12:00

VOD

Have the link to the VOD?

Description

Time

  • Played on: July 30, 2025, 4 p.m.
  • Length: 10:40
Show
View Real Time Build Order
Export as new Build Order

KaosSPREE Terran 

Build Orders: Reaper Expand 

Get SALT Encoding   

  12  0:00  SCV  
  13  0:12  SCV  
  14  0:19  Supply Depot  
  14  0:24  SCV  
  15  0:40  SCV  
  16  0:43  Barracks  
  16  0:47  Refinery  
  16  0:53  SCV  
  17  1:05  SCV  
  18  1:17  SCV  
  19  1:30  Orbital Command  
  19  1:31  Reaper  
  20  1:34  Supply Depot  
  20  1:50  Command Center  
  20  1:57  SCV  
  21  2:05  Refinery  
  21  2:06  Reaper  
  22  2:12  SCV  
  23  2:26  SCV  
  24  2:31  Factory  
  24  2:40  Reaper  
  25  2:51  SCV  
  26  3:11  Supply Depot  
  26  3:17  Starport, Factory Tech Lab  
  26  3:20  Barracks Tech Lab  
  26  3:23  SCV  
  26  3:36  Siege Tank  
  26  3:40  SCV  
  26  3:41  Marine  
  30  3:48  Stimpack  
  29  4:24  Marine  
  29  4:28  Siege Tank  
  29  4:30  Starport Reactor  
  33  4:33  Command Center, SCV  
  33  4:36  Orbital Command  
  34  4:45  Barracks  
  34  4:47  Barracks  
  34  4:49  Bunker  
  34  4:50  Marine  
  35  4:57  SCV  
  36  5:05  Siege Tank  
  39  5:08  Marine  
  39  5:09  Medivac  
  39  5:11  SCV x2  
  44  5:22  Supply Depot  
  44  5:23  Refinery, SCV x2  
  44  5:24  Medivac  
  48  5:35  SCV x2  
  50  5:36  Refinery  
  50  5:45  Barracks Reactor  
  50  5:46  Orbital Command  
  50  5:47  SCV x2, Barracks Reactor  
  52  5:55  Supply Depot  
  52  5:57  Marine  
  52  5:59  SCV x2  
  55  6:08  Supply Depot, Siege Tank  
  58  6:11  SCV  
  58  6:15  Marine  
  58  6:16  SCV  
  61  6:21  Supply Depot  
  61  6:26  Marine x2  
  61  6:27  Marine x2  
  61  6:28  Barracks, Medivac  
  61  6:30  Barracks  
  61  6:31  Medivac  
  69  6:33  Marine  
  69  6:38  Engineering Bay  
  69  6:39  Orbital Command  
  70  6:44  Marine  
  70  6:45  Supply Depot  
  71  6:51  Marine  
  71  6:53  Marine x3  
  75  7:04  Siege Tank  
  75  7:05  Marine  
  79  7:09  Marine, SCV  
  79  7:12  SCV  
  79  7:15  SCV  
  83  7:17  Marine x2  
  83  7:18  Marine  
  83  7:19  Barracks Tech Lab  
  83  7:21  SCV  
  87  7:23  Marine  
  87  7:24  SCV  
  87  7:26  Marine  
  87  7:27  Medivac  
  87  7:29  Barracks Tech Lab  
  92  7:32  SCV  
  92  7:33  SCV  
  92  7:35  Marine x2, Terran Infantry Weapons Level 1  
  92  7:36  Marine, SCV  
  98  7:43  Supply Depot, Marine  
  99  7:44  Marine  
  99  7:46  Supply Depot  
  100  7:53  Marine  
  101  7:59  Marine x2  
  101  8:00  Marine x2  
  101  8:03  Marauder  
  101  8:05  Medivac x2  
  111  8:06  Siege Tank  
  111  8:07  SCV x2  
  116  8:17  Marine x2  
  116  8:18  Marauder x2, Marine  
  123  8:23  Supply Depot  
  123  8:25  Supply Depot  
  123  8:26  Marine x2  
  123  8:27  Supply Depot  
  125  8:29  Combat Shield  
  125  8:38  Marine  
  125  8:39  Marine x2  
  125  8:41  Siege Tank  
  102  8:57  Marine  
  92  9:07  SCV x2  
  92  9:08  Orbital Command  
  85  9:21  SCV x2  
  87  9:28  Marine x5  
  87  9:29  Marine x2  
  87  9:30  Siege Tank  
  97  9:40  Supply Depot x2  
  97  9:46  Supply Depot x2, Marine x5  
  102  9:55  Factory  
  102  10:02  Siege Tank  
  102  10:04  SCV x2  
  102  10:05  Marine x2  
  102  10:06  Marine x5  
  114  10:10  Armory  
  118  10:15  SCV  
  118  10:16  SCV  
Show
View Real Time Build Order
Export as new Build Order

SubN Zerg - Winner!

Build Orders: Hatch First 

Get SALT Encoding   

  12  0:01  Drone  
  13  0:12  Overlord  
  13  0:20  Drone  
  14  0:31  Drone x2  
  16  0:50  Hatchery  
  16  0:53  Drone  
  16  0:55  Drone  
  17  1:00  Drone  
  18  1:09  Extractor  
  17  1:17  Spawning Pool  
  16  1:20  Drone  
  16  1:23  Drone  
  18  1:43  Drone  
  19  2:03  Zergling x4  
  19  2:04  Zergling x2  
  19  2:07  Queen x2  
  26  2:08  Zergling x2  
  27  2:18  Metabolic Boost  
  27  2:20  Overlord  
  27  2:36  Overlord  
  27  2:43  Queen  
  29  3:32  Drone x12  
  41  3:43  Lair  
  41  3:44  Pneumatized Carapace  
  41  4:04  Hatchery  
  38  4:30  Drone x5  
  43  4:35  Extractor  
  43  4:36  Extractor  
  43  4:38  Roach Warren  
  40  4:40  Baneling Nest  
  39  4:47  Queen x2  
  39  4:50  Overlord x3  
  43  5:17  Glial Reconstitution  
  43  5:20  Drone x4  
  47  5:21  Drone  
  47  5:22  Drone x4  
  47  5:23  Drone  
  47  5:24  Centrifugal Hooks  
  47  5:28  Queen  
  55  5:30  Queen  
  57  5:37  Drone x2  
  57  5:41  Evolution Chamber  
  58  5:43  Evolution Chamber  
  58  5:45  Queen  
  59  5:55  Drone x5  
  64  5:59  Overlord  
  64  6:03  Overlord  
  64  6:25  Drone x9  
  73  6:41  Extractor  
  73  6:45  Zerg Melee Weapons Level 1  
  72  6:51  Drone x2, Overlord x2  
  72  6:52  Overlord  
  72  7:08  Overlord x2  
  72  7:15  Zerg Ground Armor Level 1  
  72  7:16  Zergling x10  
  72  7:17  Zergling x8  
  72  7:21  Drone  
  82  7:23  Queen  
  82  7:27  Hatchery  
  83  7:30  Zergling x2  
  83  7:31  Zergling x8  
  88  7:49  Zergling x8  
  88  7:50  Zergling x6  
  95  7:52  Baneling x11  
  95  7:53  Baneling x11  
  95  8:05  Zergling x2  
  95  8:06  Zergling x16  
  95  8:07  Overlord  
  95  8:09  Overlord  
  104  8:21  Zergling x2  
  104  8:22  Zergling x12  
  89  9:04  Zergling x28  
  89  9:05  Zergling x6  
  97  9:29  Drone x3  
  97  9:30  Drone, Extractor  
  97  9:31  Drone x2, Extractor  
  101  9:35  Zergling x12  
  107  9:38  Baneling  
  107  9:39  Baneling x19  
  107  9:53  Hatchery, Extractor  
  107  9:55  Extractor, Spire  
  107  9:57  Infestation Pit  
  102  10:00  Zergling x2  
  102  10:01  Zergling x36  
  102  10:05  Baneling  
  102  10:06  Baneling x5  
  121  10:10  Zergling x4  
  123  10:17  Drone x2  
Tags
 
Add a new tag
Caveats
  • Supply blocks, unpowered buildings, or Contaminate may cause inaccurate times.
  • Supply counts are checked every 10 seconds.